 Dungeon Crawl Stone Soup version 0.17-a0-2122-g03d97ec (webtiles) character file.

228 SlimeFever the Sneak (level 5, -7/37 HPs)
             Began as a Vampire Enchanter on Oct 21, 2015.
             Killed by divine providence
             ... invoked by an orc priest
              (12 damage)
             ... on level 3 of the Dungeon.
             The game lasted 00:20:13 (2353 turns).

SlimeFever the Sneak (Vampire Enchanter)            Turns: 2353, Time: 00:20:13

Health: -7/37      AC: 15    Str:  7    XL:     5   Next: 70%
Magic:  18/18      EV:  2    Int: 21    God:
Gold:   109        SH:  0    Dex: 14    Spells: 2 memorised, 6 levels left

rFire  x . .     SeeInvis +     a - +3 dagger (protect)
rCold  + . .     Clarity  .     n - +0 chain mail
rNeg   + . .     SustAt   .     (no shield)
rPois  .         Gourm    .     f - +0 helmet
rElec  .         Spirit   .     (no cloak)
rCorr  .         Warding  .     p - +0 pair of gloves
rMut   .         Stasis   .     (no boots)
MR     .....                    (no amulet)
Stlth  +.........               i - ring of ice
                                e - ring of magical power

@: very slightly contaminated, not resistant to hostile enchantments, very
unstealthy
A: fangs 3, see invisible, clever 1, mutation resistance 1, wild magic 1,
unbreathing
a: Bat Form


You were on level 3 of the Dungeon.
You were not thirsty.

You visited 1 branch of the dungeon, and saw 3 of its levels.

You collected 109 gold pieces.

Inventory:

Hand Weapons
 a - a +3 dagger of protection (weapon)
 b - a +0 blowgun
 h - a +0 short sword
 o - a +1 dagger
Missiles
 g - 11 bolts of flame
 j - 36 arrows
 k - 68 sling bullets
 l - 12 poisoned needles
Armour
 f - a +0 helmet (worn)
 n - a +0 chain mail (worn)
 p - a +0 pair of gloves (worn)
 q - a +0 plate armour
Jewellery
 e - a ring of magical power (left hand)
 i - a ring of ice (right hand)
Scrolls
 m - a scroll of identify
Potions
 r - 2 potions of lignification
 s - a potion of curing
Books
 c - a book of Maledictions

   Spells                             Type                      Level
   a - Corona                         Hexes                        1
   b - Ensorcelled Hibernation        Hexes/Ice                    2
   c - Confuse                        Hexes                        3
   d - Tukima's Dance                 Hexes                        3
   e - Dazzling Spray                 Conjuration/Hexes            3


   Skills:
 + Level 1.1 Fighting
 * Level 1.8 Short Blades
 + Level 3.8 Dodging
 + Level 6.2 Stealth
 + Level 2.6 Spellcasting
 + Level 5.9 Hexes


You had 6 spell levels left.
You knew the following spells:

 Your Spells              Type           Power        Failure   Level  Hunger
a - Corona                Hex            #####..      100%        1    None
b - Ensorcelled Hibernat  Hex/Ice        ####..       100%        2    ##.....


Dungeon Overview and Level Annotations

Branches:
Dungeon (3/15)

Altars:
Cheibriados
Nemelex Xobeh
Qazlal
Ru
The Shining One


Innate Abilities, Weirdness & Mutations

You have razor-sharp teeth.
You have supernaturally acute eyesight.
You can survive without breathing.
Your mind is acute. (Int +2)
You are somewhat resistant to further mutation.
Your spells are a little harder to cast, but a little more powerful.


Message History

The spell is very dangerous to cast!
Continue anyway?
Okay, then.
Casting: Corona
Confirm with . or Enter, or press ? or * to list all spells.
The spell is very dangerous to cast!
Continue anyway?
Aiming: Ensorcelled Hibernation
Press: ? - help, Shift-Dir - straight line, f/p - orc
Aim: an orc, wielding a falchion (chance to defeat MR: 83%)
Okay, then.
It was a potion of mutation.
You feel extremely strange.
You feel clever.
You feel less in control of your magic.
You feel genetically stable. The orc hits you but does no damage.
Casting: Ensorcelled Hibernation
Confirm with . or Enter, or press ? or * to list all spells.
The spell is very dangerous to cast!
Continue anyway?
Okay, then.
The orc priest mumbles some strange prayers to Beogh against you.
Something smites you!
You die...

.# ###########.# . #........##.#
#........##.# ..####
#........##.#
......#############........##.###
.......oo.o.o.o.............)†...
......########.............###.##
...... #.o...........# .# ..####
#..@...######## .. o #......# #.#
#......# .# #......# .. #......#
#. ###### #......# .....#
######## .....# .....#


You could see an orc priest, an orc wizard and an orc.

Vanquished Creatures
  A scorpion (D:3)
  3 orc wizards
  3 adders
  An ooze (D:2)
  2 worms
  3 giant geckos
  4 orcs (D:3)
  9 bats
  3 giant cockroaches
  4 goblins
  4 hobgoblins
  2 jackals (D:2)
  A quokka (D:2)
  3 giant newts
  9 kobolds
  8 rats
60 creatures vanquished.

Notes
Turn   | Place    | Note
--------------------------------------------------------------
     0 | D:1      | SlimeFever the Vampire Enchanter began the quest for the Orb.
     0 | D:1      | Reached XP level 1. HP: 13/13 MP: 3/3
   226 | D:1      | Reached XP level 2. HP: 19/19 MP: 5/5
   239 | D:1      | Learned a level 2 spell: Ensorcelled Hibernation
   456 | D:1      | Reached skill level 5 in Stealth
   579 | D:2      | Reached skill level 5 in Hexes
   625 | D:2      | Found a sacrificial altar of Ru.
   654 | D:2      | Reached XP level 3. HP: 18/24 MP: 6/6
   743 | D:2      | Found a sparkling altar of Nemelex Xobeh.
   966 | D:2      | Found a snail-covered altar of Cheibriados.
   981 | D:2      | Found a stormy altar of Qazlal.
  1162 | D:2      | Reached XP level 4. HP: 22/31 MP: 7/7
  1256 | D:2      | Found a glowing golden altar of the Shining One.
  1928 | D:3      | Reached XP level 5. HP: 32/36 MP: 8/8
  2035 | D:3      | Reached skill level 1 in Fighting
  2035 | D:3      | Reached skill level 6 in Stealth
  2341 | D:3      | HP: 1/37 [orc priest/divine providence (11)]
  2351 | D:3      | Gained mutation: Your mind is acute. (Int +2) [potion of mutation]
  2351 | D:3      | Gained mutation: Your spells are a little harder to cast, but a little more powerful. [potion of mutation]
  2351 | D:3      | Gained mutation: You are somewhat resistant to further mutation. [potion of mutation]
  2353 | D:3      | Killed from afar by an orc priest

Vault maps used:
D:1:      dpeg_arrival_tiny_b
D:2:      overflow_temple_1_default, nemelex_altar_shiori, old_standard_altar,
          lemuel_doored_altar, nicolae_ru_great_annihilating_truth

Action                   |  1- 3 |  4- 6 || total
-------------------------+-------+-------++-------
Melee: Dagger            |   104 |    83 ||   187
 Cast: Corona            |    17 |     9 ||    26
       Ensorcelled Hiber |     1 |     3 ||     4
  Use: Scroll            |     2 |     3 ||     5
       Potion            |     1 |     2 ||     3
 Stab: Sleeping          |    15 |    11 ||    26
  Eat: Corpse            |     9 |     2 ||    11
